 Dungeon Crawl Stone Soup version 0.30.0 (webtiles) character file.

Game seed: 987375671918120306

9 Dani the Trooper (level 2, 24/24 HPs)
             Began as a Demonspawn Fighter on May 20, 2023.
             Quit the game on level 1 of the Dungeon.
             The game lasted 00:00:24 (257 turns).

Dani the Trooper (Demonspawn Fighter)                Turns: 257, Time: 00:00:25

Health: 24/24      AC:  6    Str: 16    XL:     2   Next: 3%
Magic:  2/2        EV:  8    Int:  9    God:
Gold:   2          SH:  4    Dex: 14    Spells: 1/1 levels left

rFire   . . .        a - +0 war axe
rCold   . . .        c - +0 buckler
rNeg    . . .        b - +0 scale mail
rPois   .            (no helmet)
rElec   .            (no cloak)
rCorr   .            (no gloves)
SInv    .            (no boots)
Will    .....        (no amulet)
Stlth   +            (no ring)
HPRegen 0.24/turn    (no ring)
MPRegen 0.08/turn

%: no passive effects
@: no status effects
A: thin skeletal structure 1
a: no special abilities


You were on level 1 of the Dungeon.
You visited 1 branch of the dungeon, and saw 1 of its levels.

You collected 2 gold pieces.

Inventory:

Hand Weapons
 a - a +0 war axe (weapon)
Armour
 b - a +0 scale mail (worn)
 c - a +0 buckler (worn)
Scrolls
 e - a scroll of teleportation {unknown}
Potions
 d - a potion of might


   Skills:
 - Level 3.0 Fighting
 + Level 2.5 Axes
 - Level 2.6 Armour
 - Level 2.6 Shields


You had one spell level left.
You didn't know any spells.
Your spell library contained the following spells:

 Spells                   Type           Power      Damage    Failure   Level
 Leda's Liquefaction      Hex/Erth       0%         N/A       100%        4
 Lee's Rapid Deconstruct  Erth           0%         3d4*      100%        5
 Statue Form              Tmut/Erth      0%         N/A       100%        6


Dungeon Overview and Level Annotations

Branches:
Dungeon (1/15)

Altars:


Innate Abilities, Weirdness & Mutations

You have a somewhat thin skeletal structure. (Dex +2, Stealth+)


Message History

The ball python constricts you.
You barely miss the ball python.
The ball python bites you but does no damage.
The ball python constricts you. The ball python barely misses you.
The ball python constricts you.
A ball python is nearby!
You slash the ball python!
You kill the ball python!
Your Axes skill increases to level 2!
You see here a ball python corpse.
Key pressed, stopping explore.
No target in view!
You pick up a book of the Earth and begin reading...
You add the spells Leda's Liquefaction, Lee's Rapid Deconstruction and Statue Form to your library.
No target in view!
Key pressed, stopping explore.
No target in view!
Key pressed, stopping explore.
No target in view!
Key pressed, stopping explore.
No target in view!
A kobold comes into view. It is wielding a +0 short sword.
The kobold shouts!
A kobold is nearby!
The kobold throws a stone.
The stone misses you.
A kobold is nearby!
The kobold hits you with a +0 short sword.
A kobold is nearby!
You miss the kobold. You block the kobold's attack.
A kobold is nearby!
You barely miss the kobold. The kobold barely misses you.
The kobold hits you but does no damage.
A kobold is nearby!
You hit the kobold.
The kobold is severely wounded.
You block the kobold's attack.
A kobold is nearby!
You barely miss the kobold.
The kobold is severely wounded.
The kobold hits you but does no damage. The kobold closely misses you.
You hit the kobold.
You kill the kobold!
Things that are here:
a +0 short sword; a stone
Found a stone staircase leading down.
No target in view! 2 goblins come into view.
The goblin shouts! x2
There are monsters nearby!
A rat comes into view.
There are monsters nearby!
You slash the goblin!
You kill the goblin!
There are monsters nearby!
You closely miss the goblin. You block the goblin's attack.
The goblin barely misses you.
There are monsters nearby!
You barely miss the goblin. You hit the rat.
You kill the rat!
The goblin barely misses you.
A goblin is nearby!
You closely miss the goblin. The goblin closely misses you.
You block the goblin's attack.
A goblin is nearby!
You closely miss the goblin. The goblin barely misses you.
A goblin is nearby!
You hit the goblin.
You kill the goblin!
Key pressed, stopping explore.
No target in view!
Key pressed, stopping explore.
No target in view!
Key pressed, stopping explore.
No target in view!
You open the door.
There is an open door here.
Key pressed, stopping explore.
No target in view!
There is an open door here.
Key pressed, stopping explore.
No target in view!
Key pressed, stopping explore.
No target in view!
Key pressed, stopping explore.
No target in view!
A quokka comes into view.
Found a book of Cantrips.
A quokka is nearby!
A quokka is nearby!
You block the quokka's attack.
A quokka is nearby!
You slash the quokka!
You kill the quokka!
You have reached level 2!
Your demonic ancestry asserts itself...
Your bones become slightly less dense.
Are you sure you want to abandon this character and quit the game? (Confirm with "yes".)
Okay, then.
Unknown command.
Are you sure you want to abandon this character and quit the game? (Confirm with "yes".)

### #.. . #### #.# ####
....####.##... #
.........#..#####.# ##
..#.#.#..#.##.#.#.####..
...:...................#
..#.#.#@........#... ..#
......†.######..# #.#
#.#.#.#.# #..### #.#
........# ##....####.#
..#.###.........#.....[#
. #. #.######.......#..
# ..# ♣♣♣#.#####.... ###
####......#.##
##.#########...


There were no monsters in sight!

Vanquished Creatures
  A ball python (D:1)
  2 goblins (D:1)
  A kobold (D:1)
  2 quokkas (D:1)
  A rat (D:1)
7 creatures vanquished.

Notes
Turn   | Place    | Note
-------+----------+-------------------------------------------
     0 | D:1      | Dani the Demonspawn Fighter began the quest for the Orb.
     0 | D:1      | Reached XP level 1. HP: 18/18 MP: 1/1
   124 | D:1      | Reached skill level 2 in Axes
   257 | D:1      | Gained mutation: You have a somewhat thin skeletal
                  | structure. (Dex +2, Stealth+) [demonic ancestry]
   257 | D:1      | Reached XP level 2. HP: 24/24 MP: 2/2
   257 | D:1      | Quit the game

Illustrated notes

Levels and vault maps discovered:
D:1:      beargit_arrival_diablo_church, layout_basic, serial_co_window_serial,
          co_window_paths_a, co_window_paths_a, co_window_paths_a,
          co_window_of_opportunity_a, co_window_paths_a, co_window_broadway_a,
          co_window_2corner, co_window_cross_2, glass_columns_c,
          glass_columns_a, glass_columns_c, glass_columns_b

Skill      XL: |  1 |
---------------+----+-----
Axes           | 2 |  2.5
Fighting       | |  3.0
Armour         | |  2.6
Shields        | |  2.6

Action                     || total
---------------------------++-------
  Melee: War axe           ||    19
 Armour: Scale mail        ||     5
  Dodge: Dodged            ||    12
  Block: Buckler           ||     6

Levels and vault maps discovered:
D:1:      beargit_arrival_diablo_church, layout_basic, serial_co_window_serial,
          co_window_paths_a, co_window_paths_a, co_window_paths_a,
          co_window_of_opportunity_a, co_window_paths_a, co_window_broadway_a,
          co_window_2corner, co_window_cross_2, glass_columns_c,
          glass_columns_a, glass_columns_c, glass_columns_b

Table legend: (Time is in decaauts)
 A = Elapsed time spent in this place.
 B = Non-inter-level travel time spent in this place.
 C = Inter-level travel time spent in this place.
 D = Time resting spent in this place.
 E = Time spent auto-exploring this place.
 F = Levels seen in this place.
 G = Mean time per level.
                   A        B        C        D        E       F      G
               +--------+--------+--------+--------+--------+-----+--------+
         Total |    265 |    265 |      0 |      0 |    218 |   1 |  265.0 |
       Dungeon |    265 |    265 |      0 |      0 |    218 |   1 |  265.0 |
               +--------+--------+--------+--------+--------+-----+--------+

Top non-repeatable levels by time:
     D:1: 265 daAuts

Table legend:
 A = Kills in this place as a percentage of kills in the entire game.
 B = Kills by you in this place as a percentage of kills by you in the entire game.
 C = Kills by friends in this place as a percentage of kills by friends in the entire game.
 D = Other kills in this place as a percentage of other kills in the entire game.
 E = Experience gained in this place as a percentage of experience gained in the entire game.
 F = Experience gained in this place divided by the number of levels of this place that you have seen.
                   A       B       C       D       E      F
               +-------+-------+-------+-------+-------+----------------------
         Total | 100.0 | 100.0 |   N/A |   N/A | 100.0 |  13.0
       Dungeon | 100.0 | 100.0 |   N/A |   N/A | 100.0 |  13.0
               +-------+-------+-------+-------+-------+----------------------
